| TOP OF THE 1ST |
|
Wisconsin Timber Rattlers batting - Pitching for Great Lakes Loons : RHP Pat Matera
|
|
Pitching: RHP Pat Matera
|
|
|
Batting: SHB Aaron Neill
|
0-0: Ball 1-0: Ball 2-0: Ball 3-0: Base on Balls
|
|
Batting: SHB Sam Bingham
|
0-0: Called Strike 0-1: Ball 1-1: Foul Ball, location: 2F 1-2: Strikes out swinging
|
|
Batting: LHB Karel Hort
|
0-0: SINGLE (Groundball, P, EV 85.0 MPH) (infield hit) Aaron Neill to second
|
|
Batting: RHB Chris Maul
|
0-0: Foul Ball, location: 2F 0-1: Fielders Choice at 2nd, 4-6 (Groundball, 4, EV 81.2 MPH) Aaron Neill to third
|
|
Batting: LHB Umar Matoub
|
0-0: Called Strike Chris Maul steals 2nd, throwing error, E2 Aaron Neill scores Chris Maul to third 0-1: Called Strike 0-2: Ball 1-2: Ball 2-2: Ball 3-2: Base on Balls
|
|
Batting: SHB Robert Sayer
|
0-0: Ball 1-0: Ground out 4-3 (Groundball, 4, EV 88.1 MPH)
|
| Top of the 1st over - 1 run, 1 hit, 1 error, 2 left on base; Wisconsin 1 - Great Lakes 0 |
| BOTTOM OF THE 1ST |
|
Great Lakes Loons batting - Pitching for Wisconsin Timber Rattlers : RHP Jay Cowgill
|
|
Pitching: RHP Jay Cowgill
|
|
|
Batting: LHB Cory Bowler
|
0-0: Called Strike 0-1: Ball 1-1: Ball 2-1: Ball 3-1: Swinging Strike 3-2: Strikes out swinging
|
|
Batting: LHB Tore Bosch
|
0-0: Foul Ball, location: 2F 0-1: Swinging Strike 0-2: Ground out U3 (Groundball, 34, EV 103.1 MPH)
|
|
Batting: LHB Jesus Ramirez
|
0-0: Ball 1-0: Ball 2-0: Swinging Strike 2-1: Ball 3-1: Called Strike 3-2: Ground out 6-3 (Groundball, 56, EV 90.0 MPH)
|
| Bottom of the 1st over - 0 runs, 0 hits, 0 errors, 0 left on base; Wisconsin 1 - Great Lakes 0 |
| TOP OF THE 2ND |
|
Wisconsin Timber Rattlers batting - Pitching for Great Lakes Loons : RHP Pat Matera
|
|
Batting: RHB Wiliama Dana
|
0-0: Called Strike 0-1: Ball 1-1: Swinging Strike 1-2: Strikes out looking
|
|
Batting: LHB Paul Collins
|
0-0: Called Strike 0-1: Foul Ball, location: 2F 0-2: Foul Ball, location: 2F 0-2: Ball 1-2: Strikes out swinging
|
|
Batting: RHB Michael Dickerson
|
0-0: Swinging Strike 0-1: Ground out 4-3 (Groundball, 4, EV 90.0 MPH)
|
| Top of the 2nd over - 0 runs, 0 hits, 0 errors, 0 left on base; Wisconsin 1 - Great Lakes 0 |
| BOTTOM OF THE 2ND |
|
Great Lakes Loons batting - Pitching for Wisconsin Timber Rattlers : RHP Jay Cowgill
|
|
Batting: SHB Xavier Alaniz
|
0-0: Foul Ball, location: 2F 0-1: Called Strike 0-2: Ball 1-2: Ball 2-2: Ball 3-2: Strikes out swinging
|
|
Batting: RHB Steve Clark
|
0-0: Ball 1-0: Swinging Strike 1-1: Swinging Strike 1-2: Strikes out swinging
|
|
Batting: LHB Jim Jardine
|
0-0: Called Strike 0-1: Fly out, F8 (Flyball, 8LD, EV 105.0 MPH)
|
| Bottom of the 2nd over - 0 runs, 0 hits, 0 errors, 0 left on base; Wisconsin 1 - Great Lakes 0 |
| TOP OF THE 3RD |
|
Wisconsin Timber Rattlers batting - Pitching for Great Lakes Loons : RHP Pat Matera
|
|
Batting: SHB Aaron Neill
|
0-0: Called Strike 0-1: Ball 1-1: Ball 2-1: Ball 3-1: Called Strike 3-2: Fly out, F3 (Line Drive, 34, EV 69.4 MPH)
|
|
Batting: SHB Sam Bingham
|
0-0: SINGLE (Groundball, 25, EV 65.6 MPH) (infield hit)
|
|
Batting: LHB Karel Hort
|
0-0: Ball 1-0: Swinging Strike 1-1: Swinging Strike 1-2: Foul Ball, location: 2F 1-2: Foul Ball, location: 2F 1-2: Strikes out swinging
|
|
Batting: RHB Chris Maul
|
0-0: Foul Ball, location: 2F 0-1: Ball Sam Bingham steals 2nd base (no throw) 1-1: Called Strike 1-2: Strikes out swinging
|
| Top of the 3rd over - 0 runs, 1 hit, 0 errors, 1 left on base; Wisconsin 1 - Great Lakes 0 |
| BOTTOM OF THE 3RD |
|
Great Lakes Loons batting - Pitching for Wisconsin Timber Rattlers : RHP Jay Cowgill
|
|
Batting: RHB Trevor Conklin
|
0-0: Called Strike 0-1: Called Strike 0-2: Ball 1-2: Ball 2-2: Strikes out swinging
|
|
Batting: LHB Nate Kee
|
0-0: Foul Ball, location: 2F 0-1: Ball 1-1: Ball 2-1: Called Strike 2-2: Fly out, F7 (Flyball, 78M, EV 90.0 MPH)
|
|
Batting: RHB Joe Bower
|
0-0: Ball 1-0: Fly out, F9 (Flyball, 9D, EV 101.9 MPH)
|
| Bottom of the 3rd over - 0 runs, 0 hits, 0 errors, 0 left on base; Wisconsin 1 - Great Lakes 0 |
| TOP OF THE 4TH |
|
Wisconsin Timber Rattlers batting - Pitching for Great Lakes Loons : RHP Pat Matera
|
|
Batting: LHB Umar Matoub
|
0-0: Swinging Strike 0-1: Ball 1-1: Ball 2-1: DOUBLE (Flyball, 78XD, EV 103.1 MPH)
|
|
Batting: SHB Robert Sayer
|
0-0: Foul Ball, location: 2F 0-1: SINGLE (Line Drive, 6MD, EV 93.8 MPH) Umar Matoub to third
|
|
Batting: RHB Wiliama Dana
|
0-0: Fielders Choice at 2nd, 6-4 (Groundball, 6, EV 87.5 MPH) Umar Matoub scores
|
|
Batting: LHB Paul Collins
|
0-0: Ball 1-0: Foul Ball, location: 2F 1-1: Called Strike Wiliama Dana steals 2nd base 1-2: Foul Ball, location: 2F 1-2: Ball 2-2: Ball 3-2: Intentional Walk
|
|
Batting: RHB Michael Dickerson
|
0-0: Ball 1-0: Ball 2-0: Called Strike 2-1: Foul Ball, location: 2F 2-2: Ball 3-2: Foul Ball, location: 2F 3-2: Strikes out swinging
|
|
Batting: SHB Aaron Neill
|
0-0: Fly out, F2 (Popup, 2LF, EV 85.6 MPH)
|
| Top of the 4th over - 1 run, 2 hits, 0 errors, 2 left on base; Wisconsin 2 - Great Lakes 0 |
| BOTTOM OF THE 4TH |
|
Great Lakes Loons batting - Pitching for Wisconsin Timber Rattlers : RHP Jay Cowgill
|
|
Batting: LHB Cory Bowler
|
0-0: Ball 1-0: Foul Ball, location: 2F 1-1: Foul Ball, location: 2F 1-2: Foul Ball, location: 2F 1-2: Ball 2-2: Foul Ball, location: 2F 2-2: Ground out 6-3 (Groundball, 6, EV 83.8 MPH)
|
|
Batting: LHB Tore Bosch
|
0-0: Foul Ball, location: 2F 0-1: Foul Ball, location: 2F 0-2: Strikes out swinging
|
|
Batting: LHB Jesus Ramirez
|
0-0: SINGLE (Groundball, 3D, EV 103.8 MPH)
|
|
Batting: SHB Xavier Alaniz
|
0-0: Called Strike 0-1: Ground out 4-3 (Groundball, 34, EV 83.8 MPH)
|
| Bottom of the 4th over - 0 runs, 1 hit, 0 errors, 1 left on base; Wisconsin 2 - Great Lakes 0 |
| TOP OF THE 5TH |
|
Wisconsin Timber Rattlers batting - Pitching for Great Lakes Loons : RHP Pat Matera
|
|
Batting: SHB Sam Bingham
|
0-0: Ball 1-0: Ground out 4-3 (Groundball, 4, EV 83.1 MPH)
|
|
Batting: LHB Karel Hort
|
0-0: Ball 1-0: DOUBLE (Flyball, 78XD, EV 113.8 MPH)
|
|
Batting: RHB Chris Maul
|
0-0: Called Strike 0-1: Ball 1-1: Foul Ball, location: 2F 1-2: Ball 2-2: Strikes out swinging
|
|
Batting: LHB Umar Matoub
|
0-0: Ball 1-0: Called Strike 1-1: Called Strike 1-2: Strikes out swinging
|
| Top of the 5th over - 0 runs, 1 hit, 0 errors, 1 left on base; Wisconsin 2 - Great Lakes 0 |
| BOTTOM OF THE 5TH |
|
Great Lakes Loons batting - Pitching for Wisconsin Timber Rattlers : RHP Jay Cowgill
|
|
Batting: RHB Steve Clark
|
0-0: Called Strike 0-1: Called Strike 0-2: Foul Ball, location: 2F 0-2: Ball 1-2: Ball 2-2: Ball 3-2: Strikes out looking
|
|
Batting: LHB Jim Jardine
|
0-0: Fly out, F7 (Flyball, 7, EV 89.4 MPH)
|
|
Batting: RHB Trevor Conklin
|
0-0: Called Strike 0-1: Ground out 6-3 (Groundball, 6, EV 106.9 MPH)
|
| Bottom of the 5th over - 0 runs, 0 hits, 0 errors, 0 left on base; Wisconsin 2 - Great Lakes 0 |
| TOP OF THE 6TH |
|
Wisconsin Timber Rattlers batting - Pitching for Great Lakes Loons : RHP Pat Matera
|
|
Batting: SHB Robert Sayer
|
0-0: Ball 1-0: Ball 2-0: Fly out, F8 (Flyball, 78D, EV 84.4 MPH)
|
|
Batting: RHB Wiliama Dana
|
0-0: SINGLE (Line Drive, 8LS, EV 101.2 MPH)
|
|
Batting: LHB Paul Collins
|
0-0: Ball 1-0: Ball 2-0: Foul Ball, location: 2F 2-1: Called Strike 2-2: Ball Wiliama Dana steals 2nd base 3-2: Intentional Walk
|
|
Batting: RHB Michael Dickerson
|
0-0: Ball 1-0: Ball 2-0: SINGLE (Groundball, 6M, EV 83.1 MPH) (infield hit) Wiliama Dana to third Paul Collins to second
|
|
Batting: SHB Aaron Neill
|
0-0: Called Strike 0-1: Swinging Strike 0-2: Foul Ball, location: 2F 0-2: Ball 1-2: Grounds into fielders choice 4-2 (Groundball, 4S, EV 63.8 MPH) Paul Collins to third Michael Dickerson to second
|
|
Batting: SHB Sam Bingham
|
0-0: Called Strike 0-1: Foul Ball, location: 2F 0-2: Ball 1-2: Ball 2-2: Ball 3-2: Strikes out looking
|
| Top of the 6th over - 0 runs, 2 hits, 0 errors, 3 left on base; Wisconsin 2 - Great Lakes 0 |
| BOTTOM OF THE 6TH |
|
Great Lakes Loons batting - Pitching for Wisconsin Timber Rattlers : RHP Jay Cowgill
|
|
Batting: LHB Nate Kee
|
0-0: Called Strike 0-1: Swinging Strike 0-2: Hit by Pitch
|
|
Pinch Runner at 1st Eddie Perry:
|
|
|
Batting: RHB Joe Bower
|
0-0: Ball 1-0: Ball 2-0: Ball 3-0: Called Strike 3-1: Fly out, F9 (Flyball, 9D, EV 89.4 MPH)
|
|
Batting: LHB Cory Bowler
|
0-0: Ball 1-0: Called Strike 1-1: Ball 2-1: Foul Ball, location: 2F 2-2: SINGLE (Line Drive, 6D, EV 98.8 MPH) Eddie Perry to second
|
|
Batting: LHB Tore Bosch
|
0-0: Ball 1-0: Ball 2-0: Swinging Strike 2-1: Ball 3-1: Fly out, F7 (Flyball, 7S, EV 80.0 MPH)
|
|
Batting: LHB Jesus Ramirez
|
0-0: Ball 1-0: Foul Ball, location: 2F 1-1: SINGLE (Groundball, 4MD, EV 97.5 MPH) Eddie Perry to third Cory Bowler to second Runner from 3rd tries for Home, SAFE, throw by CF to home
|
|
Batting: SHB Xavier Alaniz
|
0-0: Swinging Strike 0-1: Ball 1-1: Called Strike 1-2: Foul Ball, location: 2F 1-2: Foul Ball, location: 2F 1-2: Foul Ball, location: 2F 1-2: Ball 2-2: Ball 3-2: Ground out 4-3 (Groundball, 4S, EV 83.8 MPH)
|
| Bottom of the 6th over - 1 run, 2 hits, 0 errors, 2 left on base; Wisconsin 2 - Great Lakes 1 |
| TOP OF THE 7TH |
|
Wisconsin Timber Rattlers batting - Pitching for Great Lakes Loons : RHP Pat Matera
|
|
Pitching: RHP Cameron Williams
|
|
|
Now at 3B: Eddie Perry
|
|
|
Batting: LHB Karel Hort
|
0-0: Ball 1-0: Called Strike 1-1: Foul Ball, location: 2F 1-2: Foul Ball, location: 2F 1-2: Foul Ball, location: 2F 1-2: Ball 2-2: Foul Ball, location: 2F 2-2: Strikes out swinging
|
|
Batting: RHB Chris Maul
|
0-0: Ball 1-0: Ball 2-0: Fly out, F7 (Flyball, 78M, EV 90.0 MPH)
|
|
Batting: LHB Umar Matoub
|
0-0: Fly out, F8 (Flyball, 8RXD, EV 78.1 MPH)
|
| Top of the 7th over - 0 runs, 0 hits, 0 errors, 0 left on base; Wisconsin 2 - Great Lakes 1 |
| BOTTOM OF THE 7TH |
|
Great Lakes Loons batting - Pitching for Wisconsin Timber Rattlers : RHP Jay Cowgill
|
|
Pitching: RHP Tony Acevedo
|
|
|
Batting: RHB Steve Clark
|
0-0: Ball 1-0: Called Strike 1-1: Foul Ball, location: 2F 1-2: Foul Ball, location: 2F 1-2: Ball 2-2: SINGLE (Line Drive, 9LM, EV 108.1 MPH)
|
|
Batting: LHB Jim Jardine
|
0-0: Swinging Strike 0-1: Ball 1-1: Ball 2-1: Swinging Strike 2-2: Strikes out looking
|
|
Batting: RHB Trevor Conklin
|
0-0: Called Strike 0-1: Swinging Strike 0-2: Ball 1-2: Ball 2-2: Ground out 4-3 (Groundball, 4S, EV 62.5 MPH) Steve Clark to second
|
|
Batting: RHB Eddie Perry
|
0-0: Foul Ball, location: 2F 0-1: Ball 1-1: Ball 2-1: Ball 3-1: Base on Balls
|
|
Batting: RHB Joe Bower
|
0-0: Swinging Strike 0-1: SINGLE (Groundball, 6D, EV 104.4 MPH) Steve Clark to third Eddie Perry to second Runner from 3rd tries for Home, SAFE, throw by CF to home
|
|
Batting: LHB Cory Bowler
|
0-0: Ball 1-0: Fly out, F2 (Popup, 5SF, EV 78.8 MPH)
|
| Bottom of the 7th over - 1 run, 2 hits, 0 errors, 2 left on base; Wisconsin 2 - Great Lakes 2 |
| TOP OF THE 8TH |
|
Wisconsin Timber Rattlers batting - Pitching for Great Lakes Loons : RHP Cameron Williams
|
|
Pitching: RHP Andre Wiltz
|
|
|
Batting: SHB Robert Sayer
|
0-0: Ball 1-0: Ball 2-0: Ball 3-0: Called Strike 3-1: Base on Balls
|
|
Batting: RHB Wiliama Dana
|
0-0: Bunt missed! 0-1: Sac Bunt to 15S - play at first, batter OUT! 1-3 Robert Sayer to second
|
|
Batting: LHB Paul Collins
|
0-0: Intentional Walk
|
|
Batting: RHB Michael Dickerson
|
0-0: Called Strike 0-1: SINGLE (Groundball, 6MD, EV 103.8 MPH) Robert Sayer to third Paul Collins to second
|
|
Batting: SHB Aaron Neill
|
0-0: Ball 1-0: Called Strike 1-1: DOUBLE (Flyball, 8RD, EV 90.6 MPH) Robert Sayer scores Paul Collins scores Michael Dickerson to third
|
|
Batting: SHB Sam Bingham
|
0-0: Ball 1-0: Swinging Strike 1-1: Ball 2-1: Ball 3-1: DOUBLE (Line Drive, 89D, EV 101.2 MPH) Michael Dickerson scores Aaron Neill scores
|
|
Batting: LHB Karel Hort
|
0-0: Intentional Walk
|
|
Pitching: LHP Ben Moore
|
|
|
Batting: RHB Chris Maul
|
0-0: Called Strike 0-1: Foul Ball, location: 2F 0-2: Ball 1-2: Foul Ball, location: 2F 1-2: Fly out, F9 (Flyball, 9LMF, EV 85.6 MPH)
|
|
Batting: LHB Umar Matoub
|
0-0: Called Strike 0-1: DOUBLE (Line Drive, 9LS, EV 102.5 MPH) Sam Bingham scores Karel Hort to third
|
|
Batting: SHB Robert Sayer
|
0-0: Ball 1-0: Foul Ball, location: 2F 1-1: Foul Ball, location: 2F 1-2: Ground out 5-3 (Groundball, 56S, EV 82.5 MPH)
|
| Top of the 8th over - 5 runs, 4 hits, 0 errors, 2 left on base; Wisconsin 7 - Great Lakes 2 |
| BOTTOM OF THE 8TH |
|
Great Lakes Loons batting - Pitching for Wisconsin Timber Rattlers : RHP Tony Acevedo
|
|
Batting: LHB Tore Bosch
|
0-0: Ball 1-0: Ball 2-0: Foul Ball, location: 2F 2-1: Swinging Strike 2-2: Ball 3-2: Strikes out looking
|
|
Batting: LHB Jesus Ramirez
|
0-0: Called Strike 0-1: Fly out, F8 (Flyball, 8RD, EV 95.6 MPH)
|
|
Batting: SHB Xavier Alaniz
|
0-0: Called Strike 0-1: Foul Ball, location: 2F 0-2: Strikes out swinging
|
| Bottom of the 8th over - 0 runs, 0 hits, 0 errors, 0 left on base; Wisconsin 7 - Great Lakes 2 |
| TOP OF THE 9TH |
|
Wisconsin Timber Rattlers batting - Pitching for Great Lakes Loons : LHP Ben Moore
|
|
Batting: RHB Wiliama Dana
|
0-0: Ground out 4-3 (Groundball, 4M, EV 89.4 MPH)
|
|
Batting: LHB Paul Collins
|
0-0: Reached on error, E4 (Groundball, 4, EV 80.6 MPH)
|
|
Batting: RHB Michael Dickerson
|
0-0: Grounds into double play, 4-6-3 (Groundball, 4M, EV 81.9 MPH)
|
| Top of the 9th over - 0 runs, 0 hits, 1 error, 0 left on base; Wisconsin 7 - Great Lakes 2 |
| BOTTOM OF THE 9TH |
|
Great Lakes Loons batting - Pitching for Wisconsin Timber Rattlers : RHP Tony Acevedo
|
|
Batting: RHB Steve Clark
|
0-0: Ball 1-0: Swinging Strike 1-1: Ball 2-1: Foul Ball, location: 2F 2-2: Foul Ball, location: 2F 2-2: Ball 3-2: Strikes out swinging
|
|
Pitching: RHP Alberto Cordovi
|
|
|
Batting: LHB Jim Jardine
|
0-0: Ball 1-0: Ball 2-0: Ball 3-0: Called Strike 3-1: Foul Ball, location: 2F 3-2: Foul Ball, location: 2F 3-2: Foul Ball, location: 2F 3-2: Base on Balls
|
|
Batting: RHB Trevor Conklin
|
0-0: Ball 1-0: Foul Ball, location: 2F 1-1: Ground out 4-3 (Groundball, 4, EV 86.9 MPH) Jim Jardine to second
|
|
Batting: RHB Eddie Perry
|
0-0: Called Strike 0-1: Ball 1-1: Swinging Strike 1-2: Fly out, F8 (Flyball, 8LM, EV 90.6 MPH)
|
| Bottom of the 9th over - 0 runs, 0 hits, 0 errors, 1 left on base; Wisconsin 7 - Great Lakes 2 |
|